 Dungeon Crawl Stone Soup version 0.30-a0-743-gbfdf073431 (webtiles) character file.

Game seed: 10420753092390489893

462 IdlyInterested the Shield-Bearer (level 7, -1/78 HPs)
             Began as a Formicid Brigand on Feb 7, 2023.
             Killed from afar by a white imp (7 damage)
             ... with a puff of frost
             ... summoned by Eustachio
             ... on level 4 of the Dungeon.
             The game lasted 00:11:42 (3528 turns).

IdlyInterested the Shield-Bearer (Formicid Brigand) Turns: 3528, Time: 00:11:42

Health: -1/78      AC: 23    Str: 15    XL:     7   Next: 28%
Magic:  7/7        EV:  2    Int: 17    God:
Gold:   289        SH:  0    Dex: 17    Spells: 6/6 levels left

rFire   . . .      SeeInvis .    w - +1 long sword
rCold   . . .      Faith    .    (no shield)
rNeg    . . .      Spirit   .    (body armour currently unavailable)
rPois   +          Reflect  .    (helmet unavailable)
rElec   .          Harm     .    (cloak currently unavailable)
rCorr   .          Rampage  .    (gloves currently unavailable)
Will    .....                    (boots currently unavailable)
Stlth   +++                      (no amulet)
HPRegen 0.33/turn                q - +6 ring of intelligence
MPRegen 0.10/turn                (no ring)

@: mighty, tree-form
A: stationary, stasis, torment immunity, boosted hp, permanent stasis, dig
shafts and tunnels, (antennae 3), four strong arms
a: no special abilities


You were on level 4 of the Dungeon.
You were a tree.
You visited 1 branch of the dungeon, and saw 4 of its levels.

You collected 289 gold pieces.

Inventory:

Hand Weapons
 p - a +3 dagger of venom
 w - a +1 long sword (weapon)
Missiles
 d - 7 poisoned darts (quivered)
 i - 28 stones
 k - 5 boomerangs
Armour
 c - a +0 cloak (melded)
 g - a +0 pair of gloves of dexterity (melded)
 r - a scarf of shadows
 u - a scarf of harm
 y - the +1 ring mail of the Lich-sworn (melded) {rF+}
   (You found it on level 3 of the Dungeon)

   rF:        It protects you from fire.
Jewellery
 q - a +6 ring of intelligence (left branch)
Wands
 b - a wand of paralysis (13)
 l - a wand of flame (46)
 z - a wand of iceblast (2)
Scrolls
 n - 2 scrolls of fog
 o - a scroll of magic mapping
Potions
 f - a potion of heal wounds {unknown}
 m - a potion of degeneration {unknown}
 t - a potion of cancellation
 v - a potion of lignification
 x - 2 potions of flight


   Skills:
 - Level 3.0 Fighting
 - Level 2.0(3.4) Short Blades
 * Level 4.4(4.7) Long Blades
 - Level 2.0 Throwing
 - Level 1.0 Armour
 + Level 1.0 Dodging
 - Level 5.0 Stealth
 * Level 5.8 Shields
 - Level 1.0 Evocations


You had 6 spell levels left.
You didn't know any spells.
Your spell library contained the following spells:

 Spells                   Type           Power      Damage    Failure   Level
 Dazzling Flash           Conj/Hex       0%         N/A       56%         3
 Iskenderun's Mystic Bla  Conj/Tloc      0%         2d3       93%         4
 Starburst                Conj/Fire      0%         6d3       100%        6


Dungeon Overview and Level Annotations

Branches:
Dungeon (4/15)
 Temple: D:4-7

Altars:
Kikubaaqudgha
Trog
Vehumet
Yredelemnul

Shops:
D:1 (

Annotations:
D:4 Dowan, Eustachio


Innate Abilities, Weirdness & Mutations

You are a tree.
Your roots penetrate the ground, keeping you stationary.
You cannot be teleported.
You are immune to unholy pain and torment.
Your maximum health is greatly increased.
Your equipment is partially melded.
You cannot be hasted, slowed, berserked, paralysed or teleported.
You can dig through walls and to a lower floor.
((You have a pair of large antennae on your head. (SInv)))
Your four strong arms can wield two-handed weapons with a shield.


Message History

The +1 ring mail of the Lich-sworn {rF+} melds into your body.
You feel clumsy.
Your roots penetrate the ground.
Duvessa hits you but does no damage.
Eustachio mumbles some strange words.
Duvessa hits you but does no damage.
You slash Duvessa!
You kill Duvessa!
Dowan seems overcome with grief.
Dowan seems to find hidden reserves of power!
The shadow imp disappears in a puff of smoke!
The crimson imp disappears in a puff of smoke!
Dowan gestures wildly while chanting.
Dowan blinks!
Eustachio hits you but does no damage.
Training target 1.0 for Evocations reached!
Your Evocations skill increases to level 1!
You have reached level 7!
You miss Eustachio. Eustachio hits you but does no damage.
The white imp hits you but does no damage.
Eustachio hits you but does no damage.
You barely miss Eustachio.
Dowan shakes with grief.
Dowan gestures wildly while chanting.
Dowan blinks!
The white imp gestures at you. The puff of frost hits you.
* * * LOW HITPOINT WARNING * * *
The quasit bites you but does no damage.
The quasit claws you but does no damage. x2
Eustachio calls on the powers of shadow!
Eustachio hits you with a +0 falchion.
* * * LOW HITPOINT WARNING * * *
You closely miss Eustachio.
Dowan casts a spell.
Dowan blinks!
The quasit barely misses you.
The quasit claws you but does no damage.
The quasit claws you.
* * * LOW HITPOINT WARNING * * *
The white imp gestures at you. The puff of frost hits you!
You die...

.###########.#.#,* *,,,..#,*,* ##
#...#.#.#,* **.##.#,*,*
########.#.#.#.#,* *.....#,*,*
.............#.#,**#.#.#.#,*,*
###.#####..###.#,,.....#<#,*,****
.............#.###...**###,*,,,,,
####...#####.#.......,,,,,,******
###........##5#######****
###..##....♣@5§....,,{*
#..<#...##5......,,,*
##...>.##*(......,,,* #..#..#
*.......,,,* ********####..#
*e......,,,* ,,*,,,,,,,,...#
*.......,,,* ,,*,******#####
*.§.....,,,**** ,,*,,,,,,*****
*...(...,,,,,,* ,,*,,,,,,*,,,**
*,,,,,,,,,,**,*


You could see Eustachio, Dowan (fast), a quasit (summoned), a white imp
(summoned) and an ufetubus (summoned).

Vanquished Creatures
  Duvessa (D:4)
  A vampire bat (D:3)
  An orc priest (D:3)
  Terence (D:3)
  Natasha (thrice) (D:3)
  An orc wizard (D:3)
  2 gnolls
  3 adders
  A worm (D:2)
  4 dart slugs
  8 orcs (D:3)
  5 ball pythons
  2 bat skeletons (D:3)
  3 bat zombies (D:3)
  6 endoplasms
  4 giant cockroaches
  8 goblins
  7 hobgoblins
  6 jackals
  3 quokkas
  3 bats
  6 frilled lizards
  7 kobolds
  12 rats
98 creatures vanquished.

Notes
Turn   | Place    | Note
-------+----------+-------------------------------------------
     0 | D:1      | IdlyInterested the Formicid Brigand began the quest for the
                  | Orb.
     0 | D:1      | Reached XP level 1. HP: 16/16 MP: 1/1
    91 | D:1      | Reached skill level 1 in Shields
   112 | D:1      | Reached XP level 2. HP: 23/23 MP: 2/2
   160 | D:1      | Reached skill level 1 in Long Blades
   273 | D:1      | Found Xeaxytex's Antique Weapon Emporium.
   467 | D:1      | HP: 1/23 [gnoll/+0 flail (4)]
   469 | D:1      | Reached XP level 3. HP: 1/28 MP: 3/3
   943 | D:2      | Reached XP level 4. HP: 34/34 MP: 4/4
  1111 | D:2      | Found a bloodstained altar of Trog.
  1913 | D:3      | Noticed Natasha
  1913 | D:3      | Noticed Terence
  1933 | D:3      | Reached XP level 5. HP: 41/41 MP: 5/5
  1944 | D:3      | Reached skill level 1 in Armour
  2067 | D:3      | Found an ancient bone altar of Kikubaaqudgha.
  2071 | D:3      | Reached skill level 1 in Dodging
  2071 | D:3      | Reached XP level 6. HP: 44/47 MP: 6/6
  2180 | D:3      | Found a basalt altar of Yredelemnul.
  2188 | D:3      | Killed Natasha
  2218 | D:3      | Reached skill level 5 in Stealth
  2235 | D:3      | Killed Terence
  2244 | D:3      | Noticed Natasha
  2253 | D:3      | Killed Natasha
  2254 | D:3      | Reached skill level 5 in Shields
  2698 | D:3      | Noticed Natasha
  2735 | D:3      | Identified the +1 ring mail of the Lich-sworn {rF+}
  2992 | D:3      | Killed Natasha
  3472 | D:4      | Found a radiant altar of Vehumet.
  3505 | D:4      | Noticed Duvessa
  3505 | D:4      | Noticed Dowan
  3513 | D:4      | Noticed Eustachio
  3525 | D:4      | Killed Duvessa
  3526 | D:4      | Reached skill level 1 in Evocations
  3526 | D:4      | Reached XP level 7. HP: 16/52 MP: 7/7
  3528 | D:4      | Killed from afar by a white imp

Illustrated notes

Levels and vault maps discovered:
D:1:      minmay_arrival_up_and_down, layout_basic, serial_shops,
          shop_fountains, nrook_mini_backslash, minmay_misc_feat_room
D:2:      layout_loops_ring, basic_altar, minmay_misc_feat_alley,
          grunt_decor_resistance, corexii_item_surrounded_by_moat
D:3:      kennysheep_six_static_rooms, layout_basic, kennysheep_vampire_church,
          amcnicky_altar_gilded, uniq_natasha, uniq_terence
D:4:      layout_basic, vehumet_altar_wand_db,
          mainiacjoe_overflow_concentric_impassable, uniq_duvessa,
          uniq_eustachio

Skill      XL: |  1  2  3  4  5  6 |
---------------+-------------------+-----
Shields        | 1 2 3 4 5 |  5.8
Long Blades    | 1 2 3 4 |  4.4
Fighting       | 3 |  3.0
Armour         | 1 |  1.0
Dodging        | 1 |  1.0
Stealth        | 5 |  5.0
Evocations     | 1 |  1.0
Short Blades   | |  2.0
Throwing       | |  2.0

Action                     |  1- 3 |  4- 6 |  7- 9 || total
---------------------------+-------+-------+-------++-------
  Melee: Dagger            |   102 |    83 |       ||   185
         Long sword        |       |   129 |     3 ||   132
         Punch             |       |     5 |       ||     5
  Throw: Dart              |     1 |    10 |       ||    11
         Stone             |       |     2 |       ||     2
    Use: Scroll            |     1 |     8 |       ||     9
         Potion            |       |     2 |       ||     2
   Stab: Sleeping          |     7 |    13 |       ||    20
 Armour: Robe              |    13 |       |       ||    13
         Leather armour    |     4 |       |       ||     4
         Ring mail         |    15 |    80 |       ||    95
         Skin              |       |     3 |     7 ||    10
  Dodge: Dodged            |    51 |    98 |     1 ||   150

Table legend: (Time is in decaauts)
 A = Elapsed time spent in this place.
 B = Non-inter-level travel time spent in this place.
 C = Inter-level travel time spent in this place.
 D = Time resting spent in this place.
 E = Time spent auto-exploring this place.
 F = Levels seen in this place.
 G = Mean time per level.
                   A        B        C        D        E       F      G
               +--------+--------+--------+--------+--------+-----+--------+
         Total |   3533 |   3079 |    454 |    672 |   1271 |   4 |  883.2 |
       Dungeon |   3533 |   3079 |    454 |    672 |   1271 |   4 |  883.2 |
               +--------+--------+--------+--------+--------+-----+--------+

Top non-repeatable levels by time:
     D:3: 1296 daAuts
     D:2: 1227 daAuts
     D:1: 829 daAuts
     D:4: 181 daAuts
